 Dungeon Crawl Stone Soup version 0.32-a0-975-g85d4e5bfdb (webtiles) character file.

Game seed: 13813041912213117429

614478 Oneirical the Hermetic (level 26, -16/221 HPs)
             Began as a Felid Alchemist on Apr 18, 2024.
             Was the Champion of Jiyva.
             Demolished by an Orb Guardian (28 damage)
             ... on level 5 of the Realm of Zot on Apr 19, 2024.
             The game lasted 02:12:33 (53466 turns).

Oneirical the Hermetic (Felid Alchemist)           Turns: 53466, Time: 02:12:33

Health: -16/221    AC: 25    Str:  4    XL:     26   Next: 58%
Magic:  25/42      EV: 13    Int: 42    God:    Jiyva [******]
Gold:   1130       SH:  0    Dex: 20    Spells: 3/53 levels left
                                        Lives:  0   Deaths: 9

rFire   + . .        (weapon unavailable)
rCold   + + +        (shield unavailable)
rNeg    + + .        (body armour unavailable)
rPois   ∞            (helmet unavailable)
rElec   +            (cloak unavailable)
rCorr   +            (gloves unavailable)
SInv    +            (boots unavailable)
Will    +++++        V - macabre finger necklace {Finger+ rN+}
Stlth   +++          R - ring of protection from fire
HPRegen 2.16/turn    O - +6 ring of intelligence
MPRegen 1.08/turn    I - +6 ring of intelligence

%: no passive effects
@: statue-form, corroded, held, very slow
A: slow and powerful, torment resistance 1, boosted hp, very small, claws 1,
fangs 3, see invisible, (shaggy fur 3), stealthy paws, no weapons or thrown
items, no armour, multi-lived, horns 1, thin skeletal structure 1, cold
resistance 3, strong-willed 3, robust 3, teleportitis 1, eyeballs 3, pseudopods
2, MP-powered wands �: 3/15 runes: decaying, serpentine, slimy
a: Begin Untransformation, Renounce Religion, Oozemancy, Slimify


You were on level 5 of the Realm of Zot.
You worshipped Jiyva.
Jiyva was exalted by your worship.
You were a living statue of rough stone.
You visited 12 branches of the dungeon, and saw 55 of its levels.
You also visited: Volcano.

You collected 4236 gold pieces.
You spent 3106 gold pieces at shops.

Inventory:

Jewellery
 a - an amulet of the acrobat
 c - a ring of magical power
 d - an amulet of regeneration
 m - an amulet of reflection
 w - a ring of wizardry
 x - a ring of flight
 F - the amulet "Wytz" {Faith -Tele rPois rCorr}
   (You took it off a frost giant on level 2 of the Depths)

   [amulet of faith]

   Faith:     It allows you to gain divine favour quickly.
   rPois:     It protects you from poison.
   -Tele:     It prevents most forms of teleportation.
   rCorr:     It protects you from acid and corrosion.
 I - a +6 ring of intelligence (on amulet)
 J - a +4 ring of protection
 O - a +6 ring of intelligence (right paw)
 R - a ring of protection from fire (left paw)
 V - the macabre finger necklace (around neck) {Finger+ rN+}
   (You took it off a fire giant on level 2 of the Depths)

   [amulet of nothing]

   Finger+:   It enables you to equip an extra ring.
   rN+:       It protects you from negative energy.
 X - the ring "Mux Ymax" {rCorr MP+9 Dex+4}
   (You took it off a deep elf elementalist on level 3 of the Elven Halls)

   [ring of magical power]

   Dex+4:     It affects your dexterity (+4).
   MP+9:      It affects your magic capacity (+9).
   rCorr:     It protects you from acid and corrosion.
 Y - a +6 ring of strength
 Z - a +6 ring of intelligence
Talismans
 S - a granite talisman (active)
Wands
 j - a wand of polymorph (27)
 l - a wand of flame (64)
 t - a wand of paralysis (41)
 C - a wand of roots (50)
 P - a wand of digging (4)
 T - a wand of mindburst (4)
 W - a wand of quicksilver (16)
Scrolls
 e - 3 scrolls of amnesia
 f - 3 scrolls of brand weapon
 i - 4 scrolls of noise
 p - 2 scrolls of vulnerability
 r - 8 scrolls of teleportation
 s - 6 scrolls of poison
 u - 3 scrolls of immolation
 E - a scroll of identify
 H - 3 scrolls of enchant armour
 L - a scroll of silence
 M - 2 scrolls of revelation
 Q - 2 scrolls of fear
Potions
 b - 2 potions of brilliance
 g - 8 potions of might
 n - 4 potions of mutation
 o - 3 potions of enlightenment
 q - 6 potions of curing
 v - 2 potions of berserk rage
 z - 2 potions of lignification
 A - 6 potions of ambrosia
 B - 6 potions of haste
 N - a potion of invisibility
 U - a potion of attraction
Miscellaneous
 y - a sack of spiders
 D - a phantom mirror
 G - a lightning rod (1/4)
 K - a phial of floods (inert)


   Skills:
 - Level 11.0 Fighting
 - Level 12.0 Dodging
 - Level 2.6 Stealth
 - Level 14.0 Spellcasting
 - Level 17.1 Conjurations
 - Level 9.1 Necromancy
 - Level 5.0 Fire Magic
 - Level 11.5 Ice Magic
 - Level 18.0 Air Magic
 - Level 13.1 Earth Magic
 * Level 20.7 Alchemy
 - Level 16.0 Shapeshifting


You had 3 spell levels left.
You knew the following spells:

 Your Spells              Type           Power      Damage    Failure   Level
a - Sting                 Conj/Alch      100%       1d9       0%          1
b - Rimeblight            Ice/Necr       43%        2d8       (prima13%   7
c - Sticky Flame          Fire/Alch      95%        2d14      1%          4
d - Magnavolt             Erth/Air       51%        3d21      1%          7
e - Blink                 Tloc           58%        N/A       1%          2
f - Maxwell's Capacitive  Air            55%        ∞         4%          8
g - Permafrost Eruption   Ice/Erth       46%        2x4d11    1%          6
h - Seismic Cannonade     Alch/Erth      53%        6d17      1%          7
i - Fulsome Fusillade     Conj/Alch      56%        (3-5)d16  3%          8

Your spell library contained the following spells:

 Spells                   Type           Power      Damage    Failure   Level
 Freeze                   Ice            100%       1d10      0%          1
 Magic Dart               Conj           100%       1d8       0%          1
 Cigotuvi's Dreadful Rot  Necr/Alch/Air  100%       N/A       0%          2
 Mercury Vapours          Alch/Air       100%       N/A       0%          2
 Searing Ray              Conj           100%       2d8       0%          2
 Hailstorm                Conj/Ice       99%        3d16      0%          3
 Mephitic Cloud           Conj/Alch/Air  100%       N/A       0%          3
 Apportation              Tloc           58%        N/A       1%          1
 Call Imp                 Summ           58%        N/A       1%          2
 Jinxbite                 Hex            58%        N/A       1%          2
 Dazzling Flash           Conj/Hex       100%       N/A       1%          3
 Frozen Ramparts          Ice            100%       1d16      1%          3
 Confusing Touch          Hex            29%        N/A       3%          3
 Maxwell's Portable Pile  Tloc           29%        2d(8-22)  3%          3
 Sigil of Binding         Hex            29%        N/A       3%          3
 Tukima's Dance           Hex            29%        N/A       3%          3
 Airstrike                Air            55%        2d(8-24)  0%          4
 Fulminant Prism          Conj/Alch      56%        3d25      0%          4
 Leda's Liquefaction      Alch/Erth      53%        N/A       0%          4
 Olgreb's Toxic Radiance  Alch           100%       N/A       0%          4
 Petrify                  Alch/Erth      100%       N/A       0%          4
 Alistair's Intoxication  Alch           78%        N/A       0%          5
 Irradiate                Conj/Alch      56%        3d30      0%          5
 Anguish                  Hex/Necr       30%        N/A       1%          4
 Animate Dead             Necr           82%        N/A       1%          4
 Brom's Barrelling Bould  Conj/Erth      100%       2d11      1%          4
 Ignite Poison            Fire/Alch      95%        N/A       1%          4
 Curse of Agony           Necr           82%        N/A       1%          5
 Freezing Cloud           Conj/Ice/Air   51%        6-21      1%          5
 Lee's Rapid Deconstruct  Erth           48%        3d23*     1%          5
 Silence                  Hex/Air        40%        N/A       1%          5
 Yara's Violent Unravell  Hex/Alch       43%        3d17      1%          5
 Bombard                  Conj/Erth      51%        9d9       1%          6
 Eringya's Noxious Bog    Alch           58%        4d6       1%          6
 Sculpt Simulacrum        Ice/Alch       52%        N/A       1%          6
 Starburst                Conj/Fire      44%        6d12      1%          6
 Cause Fear               Hex            14%        N/A       10%         4
 Passage of Golubria      Tloc           29%        N/A       10%         4
 Lehudib's Crystal Spear  Conj/Erth      51%        10d12     14%         8
 Summon Forest            Summ/Tloc      14%        N/A       28%         5
 Haunt                    Necr/Summ      30%        N/A       80%         7
 Infestation              Necr           41%        N/A       85%         8
 Enfeeble                 Hex            14%        N/A       100%        7
 Summon Hydra             Summ           14%        N/A       100%        7
 Ignition                 Fire           31%        3d10      100%        8
 Sublimation of Blood     Necr           Unusable   N/A       N/A         2

Dungeon Overview and Level Annotations

Branches:
Dungeon (15/15)            Temple (1/1) D:7            Lair (5/5) D:10
  Swamp (4/4) Lair:3        Snake (4/4) Lair:2        Slime (5/5) Lair:5
    Orc (2/2) D:11            Elf (3/3) Orc:2        Vaults (4/5) D:14
  Crypt (3/3) Vaults:2       Tomb (0/3) Crypt:3      Depths (4/4) D:15
    Zot (5/5) Depths:4    Volcano (visited)

Altars:
Ashenzari
Cheibriados
Dithmenos
Elyvilon
Fedhas
Gozag
Hepliaklqana
Kikubaaqudgha
Makhleb
Nemelex Xobeh
Okawaru
Qazlal
Ru
Sif Muna
Trog
Uskayaw
Vehumet
Wu Jian
Xom
Yredelemnul
Zin
The Shining One
Beogh
Jiyva

Shops:
D:3 =   D:8 !   Orc:2 ==[(   Elf:1 *   Elf:3 (   Snake:1 :==:   Snake:4 *::[
Vaults:2 !

Portals:
Hell: Depths:1 Depths:2 Depths:3 Depths:4
Abyss: Depths:1 Depths:2 Depths:3
Pandemonium: Depths:2
Ziggurat: Depths:4
Trove: D:10 (give 16 potions of curing)

Annotations:
D:3 2 runed translucent doors, Hsik's ghost, amateur DjAl
D:9 1 transporter, jasper's ghost, journeyman TeAE
Lair:5 exclusion: obsidian statue
Swamp:1 2 transporters, bigduke15's ghost, adept TeFE
Slime:5 Royal Jelly
Elf:1 1 runed translucent door, bananaken's ghost, adept MDCA
Depths:3 2 transporters, exclusion: orange crystal statue
Zot:4 exclusion: lightning spire


Innate Abilities, Weirdness & Mutations

You are a living statue of rough stone.
Your actions are slow, but your melee attacks are powerful.
You are resistant to unholy torment.
Your maximum health is greatly increased.
You are immune to poison.
You have sharp claws.
You have razor-sharp teeth.
You have supernaturally acute eyesight. (SInv)
((Your thick and shaggy fur keeps you warm. (AC +3, rC+)))
Your paws help you pounce on unaware monsters.
You are incapable of wielding weapons or throwing items.
You cannot wear armour.
You gain extra lives every three experience levels.
You have a pair of small horns on your head.
You have a somewhat thin skeletal structure. (Dex +2, Stealth+)
Your flesh is almost immune to the effects of cold. (rC+++)
You are extremely strong-willed. (Will+++)
You are extremely robust. (+30% HP)
You are occasionally teleported next to monsters.
Your body is covered in eyes which may confuse attackers. (Acc +7, SInv)
Armour fits poorly on your large pseudopods.
You expend magic power (3 MP) to strengthen your wands.


Message History

The acid corrodes you!
The tentacled monstrosity tentacle-slaps you but does no damage. x3
The tentacled monstrosity constricts you.
* * * LOW HITPOINT WARNING * * *
The quicksilver dragon closely misses you. x2
The yellow draconian hits you with a +0 long sword!
* * * LOW HITPOINT WARNING * * *
The tentacled monstrosity barely misses you.
The tentacled monstrosity tentacle-slaps you but does no damage. x2
The tentacled monstrosity constricts you.
The tentacled monstrosity's grasp on you weakens, but your attempt to escape fails.
You feel strangely unstable.
You are yanked towards some nearby monsters!
Your surroundings suddenly seem different.
Something loses its grip on you. 2 Orb Guardians come into view.
Flasks of reagents rain from above!
The noxious sulfur engulfs the Orb Guardian!!
The Orb Guardian looks as sick as possible!
The Orb Guardian is moderately wounded.
The frigid brine engulfs the Orb Guardian!!
The Orb Guardian is moderately wounded.
Your rain of reagents ends.
You hear a shout!
You hear a chilling moan.
An Orb Guardian comes into view.
The Killer Klown pies you viciously! The klown pie misses you.
As you read the scroll of fog, it dissolves into smoke.
The orb of fire glows red.
The bolt of fire misses you. The Orb Guardian drops a net on you.
You become entangled in the net!
The Orb Guardian barely misses you.
The orb of fire glows deep purple.
The bolt of fire hits you!! You resist.
* * * LOW HITPOINT WARNING * * *
As you read the scroll of fog, it dissolves into smoke.
The Orb Guardian hits you!
* * * LOW HITPOINT WARNING * * *
The Orb Guardian hits you!!
You die...
Jiyva sends a jelly to digest your equipment.

*******▓▓▓▓▓▓▓*
***,,^,,,.......▓▓▓▓
,,,^,,,,,..........▓▓▓
,,,,..............§..▓▓
,,,,...^......§§§§§...▓ *********
,,,,..........§§I§....▓**,,,,,,,*
,,,,..........§§XX...^▓*,^,^,,,,,
,,,,..................▓,,,,,,,,,,
*,,,.............X......,,,,,,,,,
,,,,..................▓.,,,,,,,,,
,,,,...?.....*.^.^....▓*,^,,,,,,,
,,,,.........p........▓**,,,,,,,*
,,,,........$.........# *********
,,,,.....^...........##


You could see an orb of fire, a Killer Klown and 3 Orb Guardians.

Vanquished Creatures
  A dread lich (Crypt:3)
  2 ancient liches
  2 orbs of fire
  A juggernaut (Depths:2)
  The ghost of Mipiv the Slayer, a legendary DsFi of Qazlal (Zot:1)
  Xtahua (Crypt:2)
  Boris (Depths:3)
  Vv (Crypt:3)
  Vashnia (Snake:3)
  Saint Roka (Snake:3)
  A caustic shrike (Depths:2)
  Margery (Vaults:3)
  5 curse toes
  the Enchantress (Depths:4)
  Norris (Depths:3)
  8 golden dragons
  A bone dragon (Depths:4)
  2 electric golems
  Jorgrun (Snake:2)
  12 tentacled monstrosities
  2 liches
  Zenata (Crypt:3)
  Rupert (Lair:3)
  Asterion (Snake:3)
  A walking earthen tome (Depths:2)
  2 titans (Depths:2)
  6 quicksilver dragons
  A walking frostbound tome (Depths:1)
  6 sphinxes
  3 deep elf blademasters
  2 deep elf master archers (Elf:3)
  Frances (Swamp:1)
  8 ancient champions
  10 death cobs
  Agnes (D:15)
  15 storm dragons
  Kirke (D:15)
  4 tengu reavers
  Aizul (Snake:3)
  7 shadow dragons
  A daeva (Vaults:3)
  7 revenants
  Donald (Snake:3)
  3 nagarajas
  2 fenstrider witches
  6 frost giants
  6 deep elf sorcerers
  7 draconian knights
  6 protean progenitors
  5 draconian monks
  3 fire giants
  5 draconian scorchers
  5 draconian shifters
  An iron dragon (Depths:4)
  A curse skull (Crypt:1)
  2 ghost moths
  3 reapers
  8 vault wardens
  4 draconian stormcallers
  5 deep elf elementalists
  Louise (Snake:3)
  7 ghouls
  8 draconian annihilators
  4 orc warlords
  A caustic shrike skeleton (Crypt:2)
  8 ironbound preservers
  3 spriggan defenders (Depths:4)
  13 very ugly things
  4 deep elf demonologists
  An angel (Vaults:3)
  9 ironbound thunderhulks
  12 green draconians
  14 vampire knights
  12 black draconians
  6 stone giants
  3 hydra skeletons
  4 eleionomae
  3 deep elf death magi
  A minotaur (Zot:3)
  3 deep elf annihilators (Elf:3)
  7 yellow draconians
  12 purple draconians
  15 dire elephants
  12 white draconians
  6 red draconians
  2 spark wasps
  7 bunyips
  Snorg (D:11)
  An eidolon (Crypt:1)
  A blizzard demon (Zot:1)
  18 jiangshi
  7 ettins
  5 yaktaur captains
  6 fire dragons
  2 deep elf high priests (Elf:3)
  3 mummy priests (Crypt:3)
  4 shambling mangroves
  A great orb of eyes (Zot:1)
  5 ice dragons
  A fenstrider witch zombie (Crypt:2)
  3 rakshasas
  5 salamander tyrants (Snake:4)
  16 hydras
  4 ogre magi
  A ghost crab (Swamp:3)
  7 vault guards
  8 spriggan air magi
  12 alligators
  3 catoblepae
  Erica (Lair:2)
  4 ironbound frosthearts
  11 two-headed ogres
  6 anacondas
  13 centaur warriors
  18 dancing weapons
  A radroach (Zot:1)
  9 boulder beetles
  An azure jelly zombie (Crypt:1)
  2 death yaks (Lair:5)
  3 tengu warriors
  8 orc high priests
  3 deep troll earth magi
  A demonic crawler (D:15)
  9 naga warriors
  2 deep troll shamans
  3 spriggan berserkers
  5 shock serpents
  13 naga sharpshooters
  2 storm dragon zombies
  Urug (Lair:3)
  A soul eater (Crypt:1)
  A sun demon (Depths:2)
  7 vampire magi
  Amaemon (Lair:3)
  19 spriggans
  7 hell knights
  23 deep elf knights
  A titan skeleton (Depths:2)
  A sea snake (Snake:1)
  An anaconda zombie (Crypt:2)
  9 deep elf archers
  A spectral death yak (Lair:5)
  4 goliath frogs
  2 iron trolls
  5 skysharks
  A spectral anaconda (Lair:5)
  32 skeletal warriors
  4 large abominations (Depths:1)
  2 salamander mystics
  A sun moth (shapeshifter) (Depths:2)
  An orb spider (Depths:4)
  A storm dragon skeleton (Crypt:2)
  33 deep trolls
  6 arcanists
  5 spriggan druids
  A steelbarb worm (shapeshifter) (Depths:1)
  9 flayed ghosts
  A mana viper (shapeshifter) (Elf:1)
  5 naga ritualists
  A lindwurm (shapeshifter) (Elf:1)
  3 bog bodies
  11 phantasmal warriors
  6 mana vipers
  An orb spider (shapeshifter) (Elf:1)
  3 spectral hydras (Swamp:4)
  7 swamp dragons
  3 thermic dynamos
  8 harpies
  10 ironbound convokers
  13 orc knights
  12 necromancers
  5 lindwurms
  27 deep elf pyromancers
  An anaconda skeleton (Crypt:2)
  An obsidian bat (Orc:2)
  A stone giant zombie (Crypt:3)
  27 deep elf zephyrmancers
  35 ugly things
  2 tengu skeletons (Depths:2)
  12 salamanders
  A frost giant zombie (Depths:2)
  A wolf spider (D:15)
  3 oklob plants (Swamp:4)
  6 will-o-the-wisps
  A cyclops (shapeshifter) (Depths:2)
  8 orc sorcerers
  23 moths of wrath
  A shadow dragon skeleton (Depths:2)
  An alligator skeleton (Crypt:1)
  8 manticores
  A rust devil (Depths:2)
  7 cyclopes
  A black mamba (shapeshifter) (Elf:1)
  3 fauns (shapeshifter)
  A fire giant zombie (Depths:2)
  A jorogumo skeleton (Crypt:2)
  21 elephants
  A water nymph (D:15)
  A frost giant skeleton (Depths:2)
  A torpor snail (Lair:5)
  2 kobold blastminers (Orc:2)
  32 black mambas
  A smoke demon (Depths:2)
  8 guardian serpents
  21 naga magi
  13 vault sentinels
  An orange demon (Lair:3)
  13 cane toads
  A gargoyle (Volcano)
  A shock serpent skeleton (Crypt:1)
  2 dire elephant skeletons (Lair:5)
  An unseen horror (Depths:1)
  A hellion (Depths:2)
  7 komodo dragons
  A black draconian zombie (Crypt:2)
  4 rime drakes
  2 kobold demonologists (D:13)
  28 yaktaurs
  Jeremiah (D:8)
  2 freezing wraiths
  A catoblepas skeleton (Crypt:2)
  11 guardian mummies (Crypt:3)
  7 tengu conjurers
  A queen bee (D:11)
  A red draconian skeleton (Crypt:2)
  A hydra zombie (Crypt:2)
  3 polar bears
  2 trolls
  A troll (shapeshifter) (Elf:1)
  A polar bear (shapeshifter) (Elf:1)
  4 harpy skeletons
  Grinder (D:4)
  6 tyrant leeches
  20 hornets
  8 blink frogs
  An air elemental (Elf:3)
  A shadow (D:11)
  A centaur simulacrum (D:14)
  Sigmund (D:3)
  2 wyverns
  7 water elementals
  A vampire (D:14)
  2 ushabtiu (Crypt:3)
  A basilisk (Lair:1)
  A hog (shapeshifter) (Elf:1)
  7 wraiths
  4 fire bats (Volcano)
  71 yaks
  3 hogs (D:15)
  3 redbacks
  A steam dragon (Lair:1)
  6 vampire mosquitoes
  6 wargs
  2 chaos spawn (Depths:1)
  40 nagas
  Edmund (D:4)
  A swamp worm (shapeshifter) (D:15)
  17 swamp worms
  2 acid dragons
  2 hydra simulacra (Swamp:4)
  10 water moccasins
  A glowing shapeshifter zombie (Depths:2)
  A meliai simulacrum (D:15)
  2 hell hounds (Elf:1)
  37 orc warriors
  2 black bears (D:10)
  5 swamp drakes
  An ice beast (D:8)
  A sky beast (D:6)
  26 laughing skulls
  2 swamp dragon zombies (Swamp:4)
  4 boggarts (Vaults:1)
  10 ogres
  A manticore skeleton (Crypt:2)
  7 centaurs
  20 wolves
  A hog zombie (Crypt:1)
  2 elephant skeletons (Lair:5)
  A dream sheep skeleton (Crypt:2)
  A phantom (D:7)
  3 kobold brigands (D:13)
  A hog skeleton (Crypt:2)
  11 bullfrogs
  2 gnoll sergeants
  8 small abominations (Depths:1)
  7 wights
  4 spriggan zombies
  2 jellies
  4 elephant simulacra (Lair:5)
  28 killer bees
  A raiju skeleton (Crypt:1)
  3 electric eels
  A howler monkey (D:8)
  5 lava snakes (Volcano)
  2 centaur zombies (D:7)
  A hound (D:4)
  24 orc priests
  Jessica (D:3)
  6 iguanas
  10 orc wizards
  Ijyb (D:4)
  2 killer bee zombies (D:7)
  A mummy (D:7)
  A howler monkey skeleton (Crypt:3)
  4 adders
  8 gnolls
  A swamp drake skeleton (Swamp:4)
  3 swamp drake zombies (Swamp:4)
  A steam dragon skeleton (Crypt:2)
  2 shadow imps (D:7)
  A white imp (D:6)
  A ribbon worm zombie (Crypt:1)
  3 dart slugs
  2 ribbon worms
  75 orcs
  2 endoplasms (D:1)
  4 giant cockroaches
  5 goblins
  6 hobgoblins
  4 quokkas (D:5)
  4 ball pythons
  A bat (D:1)
  A dart slug zombie (Crypt:3)
  2 frilled lizard skeletons
  A frilled lizard zombie (Crypt:3)
  8 kobolds
  A kobold skeleton (Crypt:3)
  5 rats
  2 aspiring fleshes
1878 creatures vanquished.

Vanquished Creatures (collateral kills)
  A golden dragon (Zot:4)
  A hellephant (Vaults:3)
  A tentacled monstrosity (Zot:5)
  A deep elf master archer (Elf:3)
  A lich (Depths:4)
  3 sphinxes
  Gastronok (Lair:3)
  A death cob (Zot:4)
  A storm dragon (Zot:4)
  A nagaraja (Snake:4)
  A protean progenitor (Zot:5)
  2 deep elf sorcerers (Elf:3)
  A fire giant (Depths:2)
  A juggernaut zombie (Crypt:2)
  2 orc warlords (Orc:2)
  3 ironbound preservers
  A juggernaut skeleton (Crypt:3)
  2 very ugly things (Depths:2)
  2 dire elephants (Lair:5)
  A black draconian (Depths:4)
  2 deep elf death magi (Elf:3)
  3 deep elf annihilators (Elf:3)
  A bunyip (Swamp:4)
  An ettin (Depths:2)
  A fire dragon (Depths:2)
  An entropy weaver (Vaults:3)
  Josephine (D:11)
  2 jiangshi
  A deep elf high priest (Elf:3)
  2 hydras
  An anaconda (Snake:4)
  A boulder beetle (Depths:4)
  An ironbound frostheart (Vaults:3)
  A centaur warrior (D:15)
  2 two-headed ogres
  11 dancing weapons
  2 tengu warriors
  A deep troll earth mage (Depths:1)
  9 deep elf knights
  2 naga warriors (Snake:4)
  A shock serpent (Snake:4)
  2 iron trolls (Depths:1)
  2 deep trolls
  A deep elf archer (Elf:3)
  A mana viper (Snake:4)
  A thermic dynamo (Elf:2)
  An orange crystal statue (Depths:1)
  An orc knight (Orc:2)
  A deep elf pyromancer (Elf:2)
  5 deep elf zephyrmancers
  An ironbound convoker (Vaults:4)
  An ugly thing (Depths:2)
  2 moths of wrath (Zot:4)
  3 black mambas (Snake:4)
  3 kobold blastminers (Orc:2)
  A kobold demonologist (D:11)
  An unseen horror (D:12)
  2 yaktaurs (Vaults:3)
  A rime drake (Lair:4)
  A freezing wraith (D:14)
  A hornet (Swamp:4)
  An ettin zombie (Crypt:2)
  A wyvern (Elf:1)
  2 wraiths (D:11)
  2 basilisks (Elf:1)
  A steam dragon (D:8)
  3 yaks (D:11)
  2 wargs (Orc:2)
  2 vampire mosquitoes (D:12)
  A naga (Snake:4)
  A sky beast (D:8)
  4 orc warriors
  2 ice beasts (D:5)
  2 ogres (Orc:2)
  A centaur (D:6)
  4 earth elementals
  4 wights
  A killer bee (D:11)
  2 orc priests
  2 sleepcaps
  An orc wizard (D:6)
  3 orcs
  A kobold (D:8)
150 creatures vanquished.

Vanquished Creatures (others)
  An acid blob (Zot:1)
  A storm dragon (Zot:1)
  A nagaraja (Snake:4)
  A vault warden (Vaults:4)
  2 formless jellyfish
  A deep elf elementalist (Elf:3)
  An ironbound preserver (Vaults:1)
  An ironbound thunderhulk (Vaults:2)
  A yaktaur captain (Vaults:2)
  A fire dragon (Depths:3)
  7 great orbs of eyes
  An ironbound frostheart (Vaults:4)
  2 glowing orange brains
  2 ironbound convokers
  An arcanist (Vaults:4)
  2 deep elf zephyrmancers
  A deep elf pyromancer (D:14)
  A harpy (Vaults:3)
  2 ugly things
  A cyclops (D:13)
  A kobold blastminer (Orc:2)
  A will-o-the-wisp (Swamp:2)
  A vault sentinel (Vaults:2)
  An eye of devastation (Vaults:4)
  A cane toad (Lair:1)
  4 yaktaurs
  A tengu conjurer (D:15)
  A glass eye (Depths:2)
  31 slime creatures
  2 humans (D:15)
  A naga (Snake:1)
  An orc warrior (D:6)
  2 laughing skulls (D:13)
  A boggart (Vaults:1)
  A wolf (Lair:5)
  A kobold brigand (D:8)
  A bullfrog (Lair:3)
  A scorpion (D:7)
  An electric eel (D:11)
  A hound (D:6)
  456 jellies
  5 orc priests
  A sleepcap (D:6)
  An iguana (D:5)
  3 adders
  2 dart slugs
  19 orcs
  2 endoplasms
  A hobgoblin (D:1)
  A quokka (D:2)
  2 bats
  4 kobolds
  A rat (D:2)
  26 foxfires
610 creatures vanquished.

Grand Total: 2638 creatures vanquished

Notes
Turn   | Place    | Note
-------+----------+-------------------------------------------
     0 | D:1      | Oneirical the Felid Alchemist began the quest for the Orb.
     0 | D:1      | Reached XP level 1. HP: 9/9 MP: 4/4
    31 | D:1      | Reached skill level 1 in Conjurations
   244 | D:1      | Reached XP level 2. HP: 13/13 MP: 1/6
   309 | D:1      | Reached skill level 3 in Alchemy
   358 | D:1      | Found a faded altar of an unknown god.
   448 | D:1      | Prayed at the altar of an unknown god.
   448 | D:1      | Became a worshipper of Jiyva Jirezo the Shapeless
   448 | D:1      | Reached * piety under Jiyva
  1078 | D:2      | Reached ** piety under Jiyva
  1238 | D:2      | Reached XP level 3. HP: 16/16 MP: 6/8
  1622 | D:3      | Found a shimmering altar of Xom.
  1626 | D:3      | Noticed Sigmund
  1638 | D:3      | Killed from afar by Sigmund
  1638 | D:3      | Lost a life (0 lives remaining)
  1642 | D:3      | Killed Sigmund
  1643 | D:3      | Reached skill level 4 in Alchemy
  1643 | D:3      | Reached XP level 4. HP: 21/21 MP: 8/10
  1643 | D:3      | Gained a life (1 life remaining)
  1643 | D:3      | Reached XP level 5. HP: 24/24 MP: 8/11
  1720 | D:3      | Noticed Jessica
  1724 | D:3      | Killed Jessica
  1801 | D:3      | Found Gaffet's Jewellery Shoppe.
  1801 | D:3      | Reached *** piety under Jiyva
  1987 | D:3      | Found a bloodstained altar of Trog.
  2157 | D:3      | Found a runed translucent door.
  2163 | D:3      | Learned a level 4 spell: Olgreb's Toxic Radiance
  2164 | D:3      | Noticed Hsik's ghost (amateur DjAl)
  2171 | D:3      | Found a runed translucent door.
  2171 | D:3      | Noticed a human
  2177 | D:3      | Found a basalt altar of Yredelemnul.
  2421 | D:4      | Gained mutation: You are covered in thick fur. (AC +2)
                  | [Felid growth]
  2421 | D:4      | Reached XP level 6. HP: 14/28 MP: 13/13
  2444 | D:4      | Found a shadowy altar of Dithmenos.
  2457 | D:4      | Gained mutation: Your muscles are strong. (Str +4, Int/Dex
                  | -1) [Jiyva's grace]
  2457 | D:4      | Gained mutation: Your muscles are very strong. (Str +8,
                  | Int/Dex -2) [Jiyva's grace]
  2457 | D:4      | Gained mutation: You have a somewhat thin skeletal
                  | structure. (Dex +2, Stealth+) [Jiyva's grace]
  2457 | D:4      | Gained mutation: You have a moderately thin skeletal
                  | structure. (Dex +4, Stealth++) [Jiyva's grace]
  2501 | D:4      | Noticed Edmund
  2529 | D:4      | Killed Edmund
  2530 | D:4      | Reached skill level 5 in Alchemy
  2590 | D:4      | Found a radiant altar of Vehumet.
  2604 | D:4      | Reached **** piety under Jiyva
  2718 | D:4      | Reached skill level 5 in Spellcasting
  2785 | D:4      | Found a shimmering blue altar of Sif Muna.
  2815 | D:4      | Noticed Grinder
  2827 | D:4      | Learned a level 4 spell: Sticky Flame
  2847 | D:4      | Killed Grinder
  2848 | D:4      | Reached skill level 1 in Fire Magic
  2848 | D:4      | Reached XP level 7. HP: 20/32 MP: 14/16
  2848 | D:4      | Gained a life (2 lives remaining)
  2931 | D:4      | Noticed Ijyb
  2941 | D:4      | Killed Ijyb
  3120 | D:5      | Entered Level 5 of the Dungeon
  3169 | D:5      | Found a hide-covered altar of Uskayaw.
  3328 | D:5      | Reached ***** piety under Jiyva
  3449 | D:5      | Reached skill level 6 in Alchemy
  3646 | D:5      | Reached XP level 8. HP: 32/36 MP: 16/18
  3740 | D:5      | Found a glowing drain.
  4305 | D:6      | Found a blossoming altar of Fedhas.
  4473 | D:7      | Reached skill level 7 in Alchemy
  4531 | D:7      | Reached XP level 9. HP: 35/39 MP: 9/20
  4609 | D:7      | Found a sparkling altar of Nemelex Xobeh.
  4644 | D:7      | Reached skill level 5 in Fire Magic
  4684 | D:7      | Lost mutation: You have a moderately thin skeletal
                  | structure. (Dex +4, Stealth++) [Jiyva's grace]
  4684 | D:7      | Gained mutation: You are strong-willed. (Will+) [Jiyva's
                  | grace]
  4684 | D:7      | Gained mutation: You are highly strong-willed. (Will++)
                  | [Jiyva's grace]
  4684 | D:7      | Gained mutation: You are extremely strong-willed. (Will+++)
                  | [Jiyva's grace]
  4684 | D:7      | Gained mutation: Your body has grown eyes which may confuse
                  | attackers. (Acc +3) [Jiyva's grace]
  4712 | D:7      | Reached skill level 8 in Alchemy
  4874 | D:7      | Found a staircase to the Ecumenical Temple.
  5073 | D:7      | Reached skill level 1 in Fighting
  5168 | Temple   | Entered the Ecumenical Temple
  5225 | D:8      | Found Tifromm's Distillery.
  5240 | D:8      | Bought 2 potions of heal wounds for 130 gold pieces
  5240 | D:8      | Bought a potion of curing for 39 gold pieces
  5328 | D:8      | Killed from afar by an electric eel
  5328 | D:8      | Lost a life (1 life remaining)
  5329 | D:8      | Reached ****** piety under Jiyva
  5356 | D:8      | Reached skill level 5 in Dodging
  5493 | D:8      | Noticed Jeremiah
  5499 | D:8      | Killed Jeremiah
  5523 | D:8      | Identified the +6 arbalest "Duocoef" {freeze, rC+ Str+3
                  | Int+3 SInv}
  5583 | D:8      | Reached XP level 10. HP: 50/50 MP: 18/23
  5583 | D:8      | Gained a life (2 lives remaining)
  5589 | D:8      | Reached skill level 5 in Fighting
  6136 | D:9      | Reached skill level 10 in Dodging
  6225 | D:9      | Lost mutation: You are extremely strong-willed. (Will+++)
                  | [Jiyva's grace]
  6225 | D:9      | Lost mutation: You are highly strong-willed. (Will++)
                  | [Jiyva's grace]
  6225 | D:9      | Lost mutation: Your muscles are very strong. (Str +8,
                  | Int/Dex -2) [Jiyva's grace]
  6225 | D:9      | Gained mutation: You passively map a small area around you.
                  | [Jiyva's grace]
  6225 | D:9      | Gained mutation: You passively map the area around you.
                  | [Jiyva's grace]
  6225 | D:9      | Gained mutation: You passively map a large area around you.
                  | [Jiyva's grace]
  6225 | D:9      | Gained mutation: Your flesh is heat resistant. (rF+)
                  | [Jiyva's grace]
  6259 | D:9      | Noticed jasper's ghost (journeyman TeAE)
  6259 | D:9      | Identified the +11 dire flail of Doom {drain, ^Drain rN++
                  | Int+3}
  6259 | D:9      | Identified the +2 great mace "Naj Lit" {spect, Will+ Str+3}
  6259 | D:9      | Noticed a two-headed ogre
  6259 | D:9      | Noticed a two-headed ogre
  6262 | D:9      | Found a transporter.
  6265 | D:9      | Noticed a two-headed ogre
  6454 | D:9      | Noticed a two-headed ogre
  6663 | D:10     | Entered Level 10 of the Dungeon
  6666 | D:10     | Noticed an elephant
  6682 | D:10     | Noticed an orc knight
  6682 | D:10     | Noticed an orc sorcerer
  6683 | D:10     | Noticed a sun demon
  6686 | D:10     | Reached XP level 11. HP: 59/60 MP: 21/24
  6688 | D:10     | Reached skill level 1 in Air Magic
  6688 | D:10     | Reached skill level 1 in Earth Magic
  6688 | D:10     | Noticed a soul eater
  6689 | D:10     | Killed an orc sorcerer
  6707 | D:10     | Killed an orc knight
  7082 | D:10     | Found a portal to a secret trove of treasure.
  7215 | D:10     | Found a staircase to the Lair.
  7287 | D:10     | Found a sacrificial altar of Ru.
  7598 | D:11     | Noticed Josephine
  7606 | D:11     | Killed Josephine
  7654 | D:11     | You fall into a shaft and drop 3 floors!
  7668 | D:14     | Killed a deep elf pyromancer
  7755 | D:14     | Noticed a skeletal warrior
  7890 | D:13     | Reached skill level 5 in Air Magic
  7890 | D:13     | Reached skill level 5 in Earth Magic
  7893 | D:13     | Killed a white ugly thing
  7903 | D:13     | Noticed a centaur warrior
  7908 | D:13     | Killed a centaur warrior
  7909 | D:13     | Reached skill level 10 in Fighting
  7909 | D:13     | Gained mutation: Your thick and shaggy fur keeps you warm.
                  | (AC +3, rC+) [Felid growth]
  7909 | D:13     | Reached XP level 12. HP: 59/67 MP: 19/25
  7970 | D:13     | Noticed a centaur warrior
  7975 | D:13     | HP: 3/67 [centaur warrior/arrow (1)]
  8005 | D:13     | Killed a centaur warrior
  8048 | D:13     | Found a shimmering altar of Xom.
  8209 | D:13     | Noticed a centaur warrior
  8225 | D:13     | Killed a centaur warrior
  8474 | D:12     | Gained mutation: You are covered in slimy tendrils that may
                  | disarm your opponents. [Jiyva's grace]
  8474 | D:12     | Gained mutation: You have a small jelly attached to you
                  | that may absorb projectiles. [Jiyva's grace]
  8474 | D:12     | Gained mutation: Your skin changes colour to match your
                  | surroundings (Stealth+). [Jiyva's grace]
  8474 | D:12     | Gained mutation: Your skin blends seamlessly with your
                  | surroundings (Stealth++). [Jiyva's grace]
  8661 | D:12     | Noticed a seven-headed hydra
  8676 | D:12     | Slain by a seven-headed hydra
  8676 | D:12     | Lost a life (1 life remaining)
  8901 | D:12     | Noticed a seven-headed hydra
  8909 | D:12     | Killed a seven-headed hydra
  9084 | D:11     | Noticed a boulder beetle
  9092 | D:11     | Killed a boulder beetle
  9249 | D:11     | Noticed Snorg
  9259 | D:11     | Killed Snorg
  9406 | D:11     | Found a staircase to the Orcish Mines.
  9429 | D:11     | Noticed a two-headed ogre
  9436 | D:11     | Killed a two-headed ogre
  9645 | Orc:1    | Entered Level 1 of the Orcish Mines
  9725 | Orc:2    | Entered Level 2 of the Orcish Mines
  9825 | Orc:2    | Noticed a two-headed ogre
  9842 | Orc:2    | Learned a level 7 spell: Magnavolt
  9869 | Orc:2    | Killed a two-headed ogre
  9944 | Orc:2    | Noticed a two-headed ogre
  9953 | Orc:2    | Killed a two-headed ogre
 10031 | Orc:2    | Reached XP level 13. HP: 72/72 MP: 15/26
 10031 | Orc:2    | Gained a life (2 lives remaining)
 10053 | Orc:2    | Found a roughly hewn altar of Beogh.
 10053 | Orc:2    | Noticed an orc warlord
 10064 | Orc:2    | Killed an orc warlord
 10075 | Orc:2    | Found Alonid's Armour Shop.
 10132 | Orc:2    | Found Eggosith's Weapon Boutique.
 10272 | Orc:2    | Noticed an ettin
 10284 | Orc:2    | Killed an ettin
 10461 | Orc:2    | Noticed an orc warlord
 10487 | Orc:2    | Killed an orc warlord
 10488 | Orc:2    | Reached skill level 10 in Air Magic
 10488 | Orc:2    | Reached skill level 10 in Earth Magic
 10742 | Orc:2    | Noticed an orc warlord
 10827 | Orc:2    | Killed an orc warlord
 10985 | Orc:2    | Found a staircase to the Elven Halls.
 11139 | Orc:2    | Found Ytofoacs's Jewellery Shoppe.
 11243 | Orc:2    | Found a roughly hewn altar of Beogh.
 11306 | Orc:2    | Found Nicoxt's Jewellery Shop.
 11479 | Orc:2    | Lost mutation: Your skin blends seamlessly with your
                  | surroundings (Stealth++). [Jiyva's grace]
 11479 | Orc:2    | Lost mutation: You are strong-willed. (Will+) [Jiyva's
                  | grace]
 11479 | Orc:2    | Lost mutation: You passively map a large area around you.
                  | [Jiyva's grace]
 11479 | Orc:2    | Lost mutation: You passively map the area around you.
                  | [Jiyva's grace]
 11479 | Orc:2    | Gained mutation: Your flesh is very heat resistant. (rF++)
                  | [Jiyva's grace]
 11479 | Orc:2    | Gained mutation: Your flesh is almost immune to the effects
                  | of heat. (rF+++) [Jiyva's grace]
 11479 | Orc:2    | Gained mutation: You have a small jelly attached to you
                  | that senses nearby items. [Jiyva's grace]
 11479 | Orc:2    | Gained mutation: You are robust. (+10% HP) [Jiyva's grace]
 11671 | Lair:1   | Entered Level 1 of the Lair of Beasts
 12302 | Lair:2   | Reached XP level 14. HP: 84/84 MP: 14/27
 12466 | Lair:2   | Noticed Erica
 12494 | Lair:2   | Killed Erica
 13070 | Lair:2   | Found a staircase to the Snake Pit.
 13338 | Lair:3   | Noticed Gastronok
 13350 | Lair:3   | Killed Gastronok
 13494 | Lair:3   | Noticed Urug
 13500 | Lair:3   | Killed Urug
 13569 | Lair:3   | Lost mutation: You are robust. (+10% HP) [Jiyva's grace]
 13569 | Lair:3   | Lost mutation: Your muscles are strong. (Str +4, Int/Dex
                  | -1) [Jiyva's grace]
 13569 | Lair:3   | Gained mutation: You are robust. (+10% HP) [Jiyva's grace]
 13569 | Lair:3   | Gained mutation: You are very robust. (+20% HP) [Jiyva's
                  | grace]
 13569 | Lair:3   | Gained mutation: You are extremely robust. (+30% HP)
                  | [Jiyva's grace]
 13569 | Lair:3   | Gained mutation: You expend magic power (3 MP) to
                  | strengthen your wands. [Jiyva's grace]
 13592 | Lair:3   | Noticed Amaemon
 13655 | Lair:3   | Killed Amaemon
 13704 | Lair:3   | Found a staircase to the Swamp.
 14161 | Lair:3   | Noticed Rupert
 14174 | Lair:3   | Paralysed by Rupert for 3 turns
 14177 | Lair:3   | Killed Rupert
 15016 | Orc:2    | Bought a +6 ring of intelligence for 468 gold pieces
 15185 | Lair:4   | Found a dark tunnel.
 15213 | Volcano  | Entered a volcano
 15430 | Volcano  | Found a radiant altar of Vehumet.
 15652 | Lair:4   | Lost mutation: Your skin changes colour to match your
                  | surroundings (Stealth+). [Jiyva's grace]
 15652 | Lair:4   | Lost mutation: You are extremely robust. (+30% HP) [Jiyva's
                  | grace]
 15652 | Lair:4   | Gained mutation: Your melee attacks may engulf your foes in
                  | ooze. [Jiyva's grace]
 15652 | Lair:4   | Gained mutation: You are strong-willed. (Will+) [Jiyva's
                  | grace]
 15652 | Lair:4   | Gained mutation: You are highly strong-willed. (Will++)
                  | [Jiyva's grace]
 15652 | Lair:4   | Gained mutation: You are extremely strong-willed. (Will+++)
                  | [Jiyva's grace]
 16270 | Lair:4   | Learned a level 2 spell: Blink
 16305 | Lair:5   | Entered Level 5 of the Lair of Beasts
 16602 | Lair:5   | Reached XP level 15. HP: 89/96 MP: 3/28
 17007 | Lair:5   | Found a staircase to the Slime Pits.
 17579 | Lair:5   | Found the +4 Cigotuvi's embrace {Corpsefed rMiasma ^Drain
                  | rN+}
 17634 | Lair:5   | Identified the +8 hand axe of Motieqiwk {vamp, *Rage rPois
                  | rF+ Str+2 Stlth+}
 17710 | Lair:5   | Reached skill level 10 in Spellcasting
 18336 | D:14     | Found a hazy altar of Hepliaklqana.
 18564 | D:14     | Learned a level 8 spell: Maxwell's Capacitive Coupling
 18639 | D:14     | Lost mutation: Your flesh is almost immune to the effects
                  | of heat. (rF+++) [Jiyva's grace]
 18639 | D:14     | Lost mutation: Your flesh is very heat resistant. (rF++)
                  | [Jiyva's grace]
 18639 | D:14     | Gained mutation: You have an increased reservoir of magic.
                  | (+10% MP) [Jiyva's grace]
 18639 | D:14     | Gained mutation: You have a considerably increased
                  | reservoir of magic. (+20% MP) [Jiyva's grace]
 18639 | D:14     | Gained mutation: You have a greatly increased reservoir of
                  | magic. (+30% MP) [Jiyva's grace]
 18639 | D:14     | Gained mutation: Your rubbery body absorbs attacks. (AC +1,
                  | EV +1) [Jiyva's grace]
 18868 | D:14     | Found a gate to the Vaults.
 18990 | D:15     | Entered Level 15 of the Dungeon
 19098 | D:15     | Reached skill level 15 in Air Magic
 19138 | D:15     | Noticed Agnes
 19145 | D:15     | Killed Agnes
 19287 | D:15     | Noticed Kirke
 19298 | D:15     | Killed Kirke
 19480 | D:15     | Reached XP level 16. HP: 97/102 MP: 22/41
 19998 | D:15     | Found a staircase to the Depths.
 20680 | Swamp:1  | Entered Level 1 of the Swamp
 21029 | Swamp:1  | Found a transporter.
 21033 | Swamp:1  | Noticed Frances
 21043 | Swamp:1  | Killed Frances
 21059 | Swamp:1  | Found a transporter.
 21060 | Swamp:1  | Identified the +5 mace "Zoagh" {flame, Int+7}
 21070 | Swamp:1  | Identified the ring of Nyess {*Slow rF+ rN++ MP+9 Dex+4}
 21072 | Swamp:1  | Found a bloodstained altar of Trog.
 21083 | Swamp:1  | Noticed bigduke15's ghost (adept TeFE)
 21421 | Swamp:2  | Lost mutation: You are extremely strong-willed. (Will+++)
                  | [Jiyva's grace]
 21421 | Swamp:2  | Lost mutation: Your rubbery body absorbs attacks. (AC +1,
                  | EV +1) [Jiyva's grace]
 21421 | Swamp:2  | Gained mutation: Your system is resistant to poisons.
                  | (rPois) [Jiyva's grace]
 21421 | Swamp:2  | Gained mutation: You have acidic saliva. [Jiyva's grace]
 21421 | Swamp:2  | Gained mutation: Your rubbery body absorbs attacks. (AC +1,
                  | EV +1) [Jiyva's grace]
 21421 | Swamp:2  | Gained mutation: Your pliable body absorbs attacks. (AC +2,
                  | EV +2) [Jiyva's grace]
 22968 | Swamp:4  | Entered Level 4 of the Swamp
 23416 | Swamp:4  | Reached XP level 17. HP: 106/106 MP: 27/46
 23656 | Swamp:4  | Lost mutation: You have a greatly increased reservoir of
                  | magic. (+30% MP) [Jiyva's grace]
 23656 | Swamp:4  | Lost mutation: You are very robust. (+20% HP) [Jiyva's
                  | grace]
 23656 | Swamp:4  | Lost mutation: Your body has grown eyes which may confuse
                  | attackers. (Acc +3) [Jiyva's grace]
 23656 | Swamp:4  | Lost mutation: You expend magic power (3 MP) to strengthen
                  | your wands. [Jiyva's grace]
 23656 | Swamp:4  | Gained mutation: Your gelatinous body deflects attacks. (AC
                  | +3, EV +3) [Jiyva's grace]
 23656 | Swamp:4  | Gained mutation: You expend magic power (3 MP) to
                  | strengthen your wands. [Jiyva's grace]
 23656 | Swamp:4  | Gained mutation: You are agile. (Dex +4, Str/Int -1)
                  | [Jiyva's grace]
 23656 | Swamp:4  | Gained mutation: You are very agile. (Dex +8, Str/Int -2)
                  | [Jiyva's grace]
 23919 | Swamp:4  | Found a basalt altar of Yredelemnul.
 23969 | Swamp:4  | Found a blossoming altar of Fedhas.
 24035 | Swamp:4  | Got a decaying rune of Zot
 24173 | Snake:1  | Entered Level 1 of the Snake Pit
 24254 | Snake:1  | Identified a scroll of acquirement
 24418 | Snake:1  | Found a shadowy altar of Dithmenos.
 24438 | Snake:1  | Found Jemor's Jewellery Shoppe.
 24440 | Snake:1  | Found Mohuhawa's Book Boutique.
 24441 | Snake:1  | Found Ephog's Jewellery Shoppe.
 24449 | Snake:1  | Acquired 922 gold pieces
 24465 | Snake:1  | Bought a book of the Earth for 612 gold pieces
 24472 | Snake:1  | Learned a level 6 spell: Permafrost Eruption
 24588 | Snake:1  | Reached skill level 1 in Ice Magic
 24832 | Snake:1  | Found Raihih's Self-Improvement Boutique.
 25356 | Snake:2  | Noticed Jorgrun
 25362 | Snake:2  | Killed Jorgrun
 26203 | Snake:2  | Lost mutation: You have a somewhat thin skeletal structure.
                  | (Dex +2, Stealth+) [Jiyva's grace]
 26203 | Snake:2  | Lost mutation: You are very agile. (Dex +8, Str/Int -2)
                  | [Jiyva's grace]
 26203 | Snake:2  | Lost mutation: You are agile. (Dex +4, Str/Int -1) [Jiyva's
                  | grace]
 26203 | Snake:2  | Lost mutation: You have a considerably increased reservoir
                  | of magic. (+20% MP) [Jiyva's grace]
 26203 | Snake:2  | Lost mutation: You passively map a small area around you.
                  | [Jiyva's grace]
 26203 | Snake:2  | Lost mutation: You are robust. (+10% HP) [Jiyva's grace]
 26203 | Snake:2  | Lost mutation: Your gelatinous body deflects attacks. (AC
                  | +3, EV +3) [Jiyva's grace]
 26203 | Snake:2  | Lost mutation: You expend magic power (3 MP) to strengthen
                  | your wands. [Jiyva's grace]
 26203 | Snake:2  | Gained mutation: You are resistant to electric shocks.
                  | (rElec) [Jiyva's grace]
 26203 | Snake:2  | Gained mutation: Your muscles are strong. (Str +4, Int/Dex
                  | -1) [Jiyva's grace]
 26203 | Snake:2  | Gained mutation: Your muscles are very strong. (Str +8,
                  | Int/Dex -2) [Jiyva's grace]
 26203 | Snake:2  | Gained mutation: You have a pair of small antennae on your
                  | head. [Jiyva's grace]
 26641 | Snake:3  | Noticed Saint Roka
 26643 | Snake:3  | Reached skill level 5 in Ice Magic
 26692 | Snake:3  | Killed Saint Roka
 26811 | Snake:3  | Identified the serpent talisman of Context {SInv}
 26811 | Snake:3  | Noticed Aizul
 26835 | Snake:3  | Killed Aizul
 26941 | Snake:3  | Noticed Vashnia
 26946 | Snake:3  | Killed Vashnia
 27088 | Snake:3  | Slain by a salamander
 27088 | Snake:3  | Lost a life (1 life remaining)
 27094 | Snake:3  | Noticed Donald
 27099 | Snake:3  | Killed Donald
 27536 | Snake:3  | Noticed Asterion
 27540 | Snake:3  | Killed Asterion
 27602 | Snake:3  | Reached XP level 18. HP: 95/95 MP: 34/40
 27602 | Snake:3  | Gained a life (2 lives remaining)
 28134 | Snake:4  | Entered Level 4 of the Snake Pit
 28211 | Snake:3  | Noticed Louise
 28217 | Snake:3  | Killed Louise
 28544 | Snake:4  | Found Icwulir's Antique Armour Shop.
 28547 | Snake:4  | Found Tamnarr's Book Shop.
 28547 | Snake:4  | Found Wysacs's Book Boutique.
 28550 | Snake:4  | Found Hioduido's General Store.
 28557 | Snake:4  | Bought a Compendium of Siegecraft for 760 gold pieces
 28565 | Snake:4  | Learned a level 7 spell: Seismic Cannonade
 28576 | Snake:4  | Reached skill level 1 in Shapeshifting
 28623 | Snake:4  | Bought a potion of haste for 160 gold pieces
 28903 | Snake:4  | Lost mutation: You have a pair of small antennae on your
                  | head. [Jiyva's grace]
 28903 | Snake:4  | Lost mutation: You are highly strong-willed. (Will++)
                  | [Jiyva's grace]
 28903 | Snake:4  | Lost mutation: You are strong-willed. (Will+) [Jiyva's
                  | grace]
 28903 | Snake:4  | Lost mutation: You have acidic saliva. [Jiyva's grace]
 28903 | Snake:4  | Lost mutation: You are covered in slimy tendrils that may
                  | disarm your opponents. [Jiyva's grace]
 28903 | Snake:4  | Lost mutation: You have a small jelly attached to you that
                  | may absorb projectiles. [Jiyva's grace]
 28903 | Snake:4  | Lost mutation: Your melee attacks may engulf your foes in
                  | ooze. [Jiyva's grace]
 28903 | Snake:4  | Gained mutation: You are somewhat resistant to further
                  | mutation. [Jiyva's grace]
 28903 | Snake:4  | Gained mutation: You are somewhat resistant to both further
                  | mutation and mutation removal. [Jiyva's grace]
 28903 | Snake:4  | Gained mutation: You are almost entirely resistant to
                  | further mutation and mutation removal. [Jiyva's grace]
 28903 | Snake:4  | Gained mutation: You have acidic saliva. [Jiyva's grace]
 29197 | Snake:4  | Reached skill level 9 in Alchemy
 29327 | Snake:4  | HP: 3/96 [constriction (7)]
 29328 | Snake:4  | Mangled by a salamander tyrant
 29328 | Snake:4  | Lost a life (1 life remaining)
 29593 | Snake:4  | Got a serpentine rune of Zot
 29923 | Elf:1    | Entered Level 1 of the Elven Halls
 30017 | Elf:1    | Reached skill level 5 in Shapeshifting
 30122 | Elf:1    | Found Xevoff's General Store.
 30150 | Elf:1    | Reached skill level 10 in Alchemy
 30366 | Elf:1    | Found a runed translucent door.
 30371 | Elf:1    | Noticed bananaken's ghost (adept MDCA)
 30508 | Elf:1    | Got the Octavo of Toxins
 30545 | Elf:1    | You fall into a shaft and drop 1 floor!
 30545 | Elf:2    | Found a runed translucent gate.
 30545 | Elf:2    | Found a runed translucent gate.
 30569 | Elf:2    | Reached XP level 19. HP: 99/100 MP: 21/41
 30569 | Elf:2    | Gained a life (2 lives remaining)
 30602 | Elf:2    | Reached skill level 11 in Alchemy
 30834 | Elf:2    | Found a runed translucent gate.
 31693 | Elf:2    | Lost mutation: Your pliable body absorbs attacks. (AC +2,
                  | EV +2) [Jiyva's grace]
 31693 | Elf:2    | Gained mutation: Your melee attacks may engulf your foes in
                  | ooze. [Jiyva's grace]
 31693 | Elf:2    | Gained mutation: You possess an exceptional clarity of
                  | mind. [Jiyva's grace]
 31693 | Elf:2    | Gained mutation: Your natural rate of healing is unusually
                  | fast. [Jiyva's grace]
 31693 | Elf:2    | Gained mutation: You heal very quickly. [Jiyva's grace]
 31722 | Elf:2    | Reached skill level 12 in Alchemy
 31838 | Elf:3    | Entered Level 3 of the Elven Halls
 32157 | Elf:3    | Found Yraovud's Antique Weapon Boutique.
 32354 | Elf:3    | Reached skill level 10 in Shapeshifting
 32667 | Elf:3    | Identified the +2 scale mail of the Villain {rPois Str-5
                  | Dex+4}
 32697 | Elf:3    | Identified the ring "Mux Ymax" {rCorr MP+9 Dex+4}
 32740 | Elf:3    | Reached XP level 20. HP: 43/105 MP: 3/42
 32955 | Elf:3    | Identified the +4 robe "Huuqeryfe" {+Blink}
 33070 | Elf:3    | Got the Quarto of Hazy Mischance
 33133 | Elf:3    | Identified the +1 dagger of the Flying Fox {flame, rElec}
 33631 | Vaults:1 | Entered Level 1 of the Vaults
 34108 | Vaults:1 | Lost mutation: Your flesh is heat resistant. (rF+) [Jiyva's
                  | grace]
 34108 | Vaults:1 | Lost mutation: You are almost entirely resistant to further
                  | mutation and mutation removal. [Jiyva's grace]
 34108 | Vaults:1 | Lost mutation: Your system is resistant to poisons. (rPois)
                  | [Jiyva's grace]
 34108 | Vaults:1 | Lost mutation: You heal very quickly. [Jiyva's grace]
 34108 | Vaults:1 | Lost mutation: You are resistant to electric shocks.
                  | (rElec) [Jiyva's grace]
 34108 | Vaults:1 | Lost mutation: Your muscles are very strong. (Str +8,
                  | Int/Dex -2) [Jiyva's grace]
 34108 | Vaults:1 | Gained mutation: You have very sharp fingernails. [Jiyva's
                  | grace]
 34108 | Vaults:1 | Gained mutation: You have claws for hands. [Jiyva's grace]
 34108 | Vaults:1 | Gained mutation: You have a pair of small horns on your
                  | head. [Jiyva's grace]
 34108 | Vaults:1 | Gained mutation: You have a pair of horns on your head.
                  | [Jiyva's grace]
 35371 | Vaults:2 | Mangled by a vault warden
 35371 | Vaults:2 | Lost a life (1 life remaining)
 35531 | Vaults:2 | Lost mutation: You have a pair of horns on your head.
                  | [Jiyva's grace]
 35531 | Vaults:2 | Lost mutation: You possess an exceptional clarity of mind.
                  | [Jiyva's grace]
 35531 | Vaults:2 | Lost mutation: You are somewhat resistant to both further
                  | mutation and mutation removal. [Jiyva's grace]
 35531 | Vaults:2 | Lost mutation: Your natural rate of healing is unusually
                  | fast. [Jiyva's grace]
 35531 | Vaults:2 | Lost mutation: Your muscles are strong. (Str +4, Int/Dex
                  | -1) [Jiyva's grace]
 35531 | Vaults:2 | Lost mutation: You have acidic saliva. [Jiyva's grace]
 35531 | Vaults:2 | Gained mutation: Your body has grown eyes which may confuse
                  | attackers. (Acc +3) [Jiyva's grace]
 35531 | Vaults:2 | Gained mutation: Your body has grown many eyes which may
                  | confuse attackers. (Acc +5) [Jiyva's grace]
 35531 | Vaults:2 | Gained mutation: Your body is covered in eyes which may
                  | confuse attackers. (Acc +7, SInv) [Jiyva's grace]
 35531 | Vaults:2 | Gained mutation: You are partially covered in large bone
                  | plates. (SH +4) [Jiyva's grace]
 35569 | Vaults:2 | Found Nusiq's Distillery.
 35577 | Vaults:2 | Bought a potion of brilliance for 48 gold pieces
 35577 | Vaults:2 | Bought a potion of haste for 120 gold pieces
 35577 | Vaults:2 | Bought a potion of haste for 120 gold pieces
 35610 | Vaults:2 | Found a staircase to the Crypt.
 36387 | Slime:1  | Entered Level 1 of the Pits of Slime
 36511 | Slime:5  | Entered Level 5 of the Pits of Slime
 36644 | Slime:5  | Noticed the Royal Jelly
 36674 | Slime:5  | Found a viscous altar of Jiyva.
 36682 | Slime:5  | Found the +11 Singing Sword {sonic wave}
 36689 | Slime:5  | Got a starry gem with 149 turns to spare
 36691 | Slime:5  | Got a slimy rune of Zot
 37301 | Vaults:3 | Reached skill level 15 in Shapeshifting
 37368 | Vaults:3 | Noticed Margery
 37388 | Vaults:3 | Killed Margery
 37587 | Vaults:3 | Reached XP level 21. HP: 109/109 MP: 38/43
 37756 | Vaults:3 | Lost mutation: You have an increased reservoir of magic.
                  | (+10% MP) [Jiyva's grace]
 37756 | Vaults:3 | Lost mutation: You are somewhat resistant to further
                  | mutation. [Jiyva's grace]
 37756 | Vaults:3 | Gained mutation: You are resistant to electric shocks.
                  | (rElec) [Jiyva's grace]
 37756 | Vaults:3 | Gained mutation: You have a pair of horns on your head.
                  | [Jiyva's grace]
 37756 | Vaults:3 | Gained mutation: You have a pair of large horns on your
                  | head. [Jiyva's grace]
 37756 | Vaults:3 | Gained mutation: You passively map a small area around you.
                  | [Jiyva's grace]
 37878 | Vaults:3 | Found a runed translucent gate.
 37878 | Vaults:3 | Found a runed translucent gate.
 37879 | Vaults:3 | Found a runed translucent gate.
 38525 | Vaults:3 | Found a glowing golden altar of the Shining One.
 38818 | Vaults:4 | Reached skill level 5 in Conjurations
 38837 | Vaults:4 | Learned a level 8 spell: Fulsome Fusillade
 40027 | Crypt:1  | Entered Level 1 of the Crypt
 40035 | Crypt:1  | Noticed an ancient lich
 40036 | Crypt:1  | Gained mutation: You occasionally lose the ability to read
                  | scrolls when taking damage. [mutagenic glow]
 40054 | Crypt:1  | Gained mutation: You are occasionally teleported next to
                  | monsters. [mutagenic glow]
 40079 | Crypt:1  | Gained mutation: You are vulnerable to cold. (rC-)
                  | [mutagenic glow]
 40146 | Crypt:1  | Killed an ancient lich
 40243 | Crypt:1  | Reached skill level 10 in Conjurations
 40876 | Crypt:2  | Noticed Xtahua
 40917 | Crypt:2  | Killed Xtahua
 41008 | Crypt:2  | Lost mutation: You have a pair of large horns on your head.
                  | [Jiyva's grace]
 41008 | Crypt:2  | Lost mutation: You passively map a small area around you.
                  | [Jiyva's grace]
 41008 | Crypt:2  | Lost mutation: You are resistant to electric shocks.
                  | (rElec) [Jiyva's grace]
 41008 | Crypt:2  | Lost mutation: You are occasionally teleported next to
                  | monsters. [Jiyva's grace]
 41008 | Crypt:2  | Lost mutation: Your body is covered in eyes which may
                  | confuse attackers. (Acc +7, SInv) [Jiyva's grace]
 41008 | Crypt:2  | Lost mutation: Your rubbery body absorbs attacks. (AC +1,
                  | EV +1) [Jiyva's grace]
 41008 | Crypt:2  | Lost mutation: You have a small jelly attached to you that
                  | senses nearby items. [Jiyva's grace]
 41008 | Crypt:2  | Lost mutation: You occasionally lose the ability to read
                  | scrolls when taking damage. [Jiyva's grace]
 41008 | Crypt:2  | Lost mutation: Your melee attacks may engulf your foes in
                  | ooze. [Jiyva's grace]
 41008 | Crypt:2  | Gained mutation: Armour fits poorly on your pseudopods.
                  | [Jiyva's grace]
 41008 | Crypt:2  | Gained mutation: Armour fits poorly on your large
                  | pseudopods. [Jiyva's grace]
 41008 | Crypt:2  | Gained mutation: Armour fits poorly on your massive
                  | pseudopods. [Jiyva's grace]
 41008 | Crypt:2  | Gained mutation: Your mind is acute. (Int +4, Str/Dex -1)
                  | [Jiyva's grace]
 41134 | Crypt:2  | Reached XP level 22. HP: 114/114 MP: 21/41
 41134 | Crypt:2  | Gained a life (2 lives remaining)
 41732 | Crypt:3  | Entered Level 3 of the Crypt
 41736 | Crypt:3  | Noticed Vv
 41739 | Crypt:3  | Killed Vv
 41750 | Crypt:3  | Noticed Zenata
 41783 | Crypt:3  | Reached skill level 13 in Alchemy
 41787 | Crypt:3  | Killed Zenata
 41860 | Crypt:3  | Noticed an ancient lich
 41877 | Crypt:3  | Killed an ancient lich
 42422 | Crypt:3  | Noticed a curse toe
 42439 | Crypt:3  | Killed a curse toe
 42447 | Crypt:3  | Reached skill level 14 in Alchemy
 42514 | Crypt:3  | Found a basalt altar of Yredelemnul.
 42518 | Crypt:3  | Noticed a dread lich
 42519 | Crypt:3  | Found an ancient bone altar of Kikubaaqudgha.
 42535 | Crypt:3  | Killed a dread lich
 42780 | Crypt:3  | Found a staircase to the Tomb.
 43084 | Depths:1 | Entered Level 1 of the Depths
 43287 | Depths:1 | Found a magical portal.
 43733 | Depths:1 | Lost mutation: You are partially covered in large bone
                  | plates. (SH +4) [Jiyva's grace]
 43733 | Depths:1 | Gained mutation: You are strong-willed. (Will+) [Jiyva's
                  | grace]
 43733 | Depths:1 | Gained mutation: You are highly strong-willed. (Will++)
                  | [Jiyva's grace]
 43733 | Depths:1 | Gained mutation: You are extremely strong-willed. (Will+++)
                  | [Jiyva's grace]
 43733 | Depths:1 | Gained mutation: You are covered in slimy tendrils that may
                  | disarm your opponents. [Jiyva's grace]
 43770 | Depths:1 | Found a glowing golden altar of the Shining One.
 43832 | Depths:1 | Found a one-way gate to the infinite horrors of the Abyss.
 43906 | Depths:1 | Found a gateway to Hell.
 44262 | Depths:2 | Reached XP level 23. HP: 118/118 MP: 2/42
 44470 | Depths:2 | Noticed a caustic shrike
 44473 | Depths:2 | Killed a caustic shrike
 44630 | Depths:2 | Reached skill level 15 in Conjurations
 44630 | Depths:2 | Reached skill level 15 in Alchemy
 44659 | Depths:2 | Reached skill level 1 in Necromancy
 44745 | Depths:2 | Noticed a juggernaut
 44749 | Depths:2 | Killed a juggernaut
 44860 | Depths:2 | Identified the amulet "Wytz" {Faith -Tele rPois rCorr}
 45041 | Depths:2 | Identified the ring "Logesagut" {Fire *Corrode +Blink Str-4
                  | Slay+6}
 45141 | Depths:2 | Reached skill level 5 in Necromancy
 45271 | Depths:2 | Found a one-way gate leading to the halls of Pandemonium.
 45313 | Depths:2 | Found a white marble altar of Elyvilon.
 45902 | Snake:4  | Bought a book of Maladies for 374 gold pieces
 45911 | Snake:4  | Learned a level 7 spell: Rimeblight
 46297 | Depths:3 | Found a transporter.
 46298 | Depths:3 | Noticed a juggernaut
 46590 | Depths:3 | Identified the +4 robe of Cowardice {Rampage rN+ Dex+5}
 46590 | Depths:3 | Noticed Boris
 46595 | Depths:3 | Killed Boris
 46730 | Depths:3 | Reached skill level 10 in Ice Magic
 46820 | Depths:3 | Found a broken altar of Ashenzari.
 46954 | Depths:3 | Lost mutation: You have claws for hands. [Jiyva's grace]
 46954 | Depths:3 | Lost mutation: You are extremely strong-willed. (Will+++)
                  | [Jiyva's grace]
 46954 | Depths:3 | Gained mutation: Your body is covered in eyes which may
                  | confuse attackers. (Acc +7, SInv) [Jiyva's grace]
 46954 | Depths:3 | Gained mutation: You are extremely strong-willed. (Will+++)
                  | [Jiyva's grace]
 46954 | Depths:3 | Gained mutation: You are agile. (Dex +4, Str/Int -1)
                  | [Jiyva's grace]
 46954 | Depths:3 | Gained mutation: You are very agile. (Dex +8, Str/Int -2)
                  | [Jiyva's grace]
 46994 | Depths:3 | Noticed Norris
 47013 | Depths:3 | Killed Norris
 47049 | Depths:3 | Found a transporter.
 47594 | Depths:4 | Entered Level 4 of the Depths
 47608 | Depths:4 | Noticed the Enchantress
 47613 | Depths:4 | Killed the Enchantress
 47938 | Depths:4 | Found a one-way gateway to a ziggurat.
 48004 | Depths:4 | Found a gate to the Realm of Zot.
 48043 | Depths:4 | Reached XP level 24. HP: 118/122 MP: 31/42
 48573 | Depths:4 | Lost mutation: You have very sharp fingernails. [Jiyva's
                  | grace]
 48573 | Depths:4 | Lost mutation: You have a pair of horns on your head.
                  | [Jiyva's grace]
 48573 | Depths:4 | Lost mutation: You are very agile. (Dex +8, Str/Int -2)
                  | [Jiyva's grace]
 48573 | Depths:4 | Lost mutation: You are agile. (Dex +4, Str/Int -1) [Jiyva's
                  | grace]
 48573 | Depths:4 | Lost mutation: Armour fits poorly on your massive
                  | pseudopods. [Jiyva's grace]
 48573 | Depths:4 | Lost mutation: You are vulnerable to cold. (rC-) [Jiyva's
                  | grace]
 48573 | Depths:4 | Gained mutation: You are robust. (+10% HP) [Jiyva's grace]
 48573 | Depths:4 | Gained mutation: You are very robust. (+20% HP) [Jiyva's
                  | grace]
 48573 | Depths:4 | Gained mutation: You are extremely robust. (+30% HP)
                  | [Jiyva's grace]
 48573 | Depths:4 | Gained mutation: You have a somewhat thin skeletal
                  | structure. (Dex +2, Stealth+) [Jiyva's grace]
 48641 | Zot:1    | Entered Level 1 of the Realm of Zot
 48831 | Zot:1    | Reached skill level 16 in Alchemy
 48896 | Zot:1    | Found a runed translucent door.
 48896 | Zot:1    | Noticed Mipiv's ghost (legendary DsFi)
 49697 | Zot:1    | Killed Mipiv's ghost
 49713 | Zot:1    | Noticed an orb of fire
 49718 | Zot:1    | Killed from afar by an orb of fire
 49718 | Zot:1    | Lost a life (1 life remaining)
 49730 | Zot:1    | Killed an orb of fire
 49794 | Zot:2    | Reached skill level 17 in Alchemy
 49903 | Zot:2    | HP: 9/205 [constriction (5)]
 49903 | Zot:2    | Mangled by a tentacled monstrosity
 49903 | Zot:2    | Lost a life (0 lives remaining)
 50234 | Zot:2    | Reached skill level 18 in Alchemy
 50305 | Zot:2    | Reached XP level 25. HP: 163/163 MP: 25/42
 50305 | Zot:2    | Gained a life (1 life remaining)
 51214 | Zot:3    | Lost mutation: You are covered in slimy tendrils that may
                  | disarm your opponents. [Jiyva's grace]
 51214 | Zot:3    | Gained mutation: Your flesh is cold resistant. (rC+)
                  | [Jiyva's grace]
 51214 | Zot:3    | Gained mutation: Your flesh is very cold resistant. (rC++)
                  | [Jiyva's grace]
 51214 | Zot:3    | Gained mutation: Your flesh is almost immune to the effects
                  | of cold. (rC+++) [Jiyva's grace]
 51214 | Zot:3    | Gained mutation: You expend magic power (3 MP) to
                  | strengthen your wands. [Jiyva's grace]
 51487 | Zot:4    | Reached skill level 19 in Alchemy
 51487 | Zot:4    | Reached XP level 26. HP: 170/170 MP: 42/42
 51624 | Zot:4    | Noticed an orb of fire
 51629 | Zot:4    | Killed from afar by an orb of fire
 51629 | Zot:4    | Lost a life (0 lives remaining)
 52062 | Orc:2    | Bought a ring of protection from fire for 275 gold pieces
 52541 | Zot:4    | Gained mutation: You are occasionally teleported next to
                  | monsters. [an orb of fire]
 52545 | Zot:4    | Killed an orb of fire
 52546 | Zot:4    | Reached skill level 20 in Alchemy
 53326 | Zot:5    | Entered Level 5 of the Realm of Zot
 53447 | Zot:5    | Noticed an ancient lich
 53447 | Zot:5    | Noticed an orb of fire
 53447 | Zot:5    | Noticed an orb of fire
 53452 | Zot:5    | Lost mutation: Your mind is acute. (Int +4, Str/Dex -1) [an
                  | orb of fire]
 53453 | Zot:5    | Identified the +2 shortbow "Ytashran" {drain, Will+ Stlth+}
 53466 | Zot:5    | Demolished by an Orb Guardian

Illustrated notes

Levels and vault maps discovered:
D:1:      minmay_arrival_checkered_box, layout_loops_cross,
          ebering_ecumenical_altar_petrified
D:2:      layout_basic
D:3:      layout_basic, trog_three_pillars_becter, dk_yredelemnul_ordeal,
          mainiacjoe_overflow_surrounded_room, gammafunk_ghost_grave,
          serial_shops, nicolae_shop_getting_attention, grunt_decor_junction,
          uniq_jessica, uniq_sigmund
D:4:      layout_loops_ring, lemuel_crystal_altar, led_sif_pool,
          mainiacjoe_overflow_24_doors, uniq_edmund, uniq_grinder, uniq_ijyb
D:5:      layout_loops_ring, mainiacjoe_overflow_paths, gup_sewer_entry_spiral,
          wad_floor_pattern_1
D:6:      layout_rooms, mainiacjoe_overflow_tiny_flanked, st_stairs_3
D:7:      layout_gridville, mainiacjoe_overflow_brackets,
          minmay_temple_entry_junction, minmay_mini_ossuary
D:8:      argonaut_augean_stables, layout_basic, serial_shops,
          nicolae_diamond_shop, uniq_jeremiah
D:9:      layout_roguey, gammafunk_ghost_smash
D:10:     layout_loops_ring, nicolae_ru_path_of_blood,
          grunt_lair_entry_orc_guard_hut, trove_entry_hex_spiral
D:11:     layout_basic, orc_0_dummy, serial_bayou_lagoon_a, minivault_7,
          uniq_snorg, uniq_josephine
D:12:     layout_stronghold
D:13:     layout_basic, dreamdust_princess_corridor, brannock_xom_greatest_gift
D:14:     layout_big_octagon, david_vaults_5, nzn_hepliaklqana_mist_gate
D:15:     hangedman_depths_entry_try_elsewhere_first, layout_basic,
          nicolae_eternal_life, grunt_ministairs_14, worms_lemuel, uniq_kirke,
          uniq_agnes
Temple:   nicolae_temple_ecumenical_triangle
Lair:1:   layout_roguey, patterned_corridor
Lair:2:   layout_regular_city, nicolae_snake_entry_squirm,
          infiniplex_staircase_pool_2, uniq_erica
Lair:3:   layout_layer_cave, alex1729_swamp_entry_worm_eleionoma,
          portal_ice_cave_entry_pillars_1, st_stairs_13, uniq_urug,
          uniq_amaemon, uniq_rupert, uniq_gastronok
Lair:4:   layout_long_grid, enter_volcano_1, grunt_megastairs_2,
          serial_bayou_shore_b
Lair:5:   due_jungle_book, layout_regular_city, dpeg_slime_entry_enclosed
Swamp:1:  layout_basic_swamp, gammafunk_ghost_wrathful_warriors,
          evilmike_swamp_ruin_house_3, lightli_tree_ring,
          infiniplex_staircase_pool, uniq_frances
Swamp:2:  tekkud_swamp_unearthing_site, layout_falls_marsh,
          evilmike_swamp_ruin_house_1, nicolae_swamp_triple_paths
Swamp:3:  layout_basic_swamp, evilmike_swamp_ruin_house_2, swamp_pool_1_2
Swamp:4:  byrel_swamp_growth_death_and_undeath, layout_basic_swamp,
          nicolae_swamp_decorative_isthmus
Snake:1:  layout_grid_maze, lemuel_altar_in_water2, nicolae_shop_self_help,
          minmay_shop_grove, serial_bayou_shore_b
Snake:2:  layout_layer_cave, serial_library_hellmonk_room_a, uniq_jorgrun
Snake:3:  layout_grid_maze, guppyfry_library_mini, grunt_megastairs_4,
          uniq_vashnia, uniq_aizul, uniq_saint_roka, uniq_donald, uniq_asterion,
          uniq_louise
Snake:4:  snake_hunt, layout_cave_town, grunt_ministairs_4, minmay_shoptagon
Slime:1:  layout_caves
Slime:2:  layout_caves, basic_altar
Slime:3:  layout_caves
Slime:4:  layout_caves
Slime:5:  slime_pit_nicolae_royal_road_to_ruin
Orc:1:    layout_diamond_mine, ebering_ghost_xom
Orc:2:    pubby_orc_utopia
Elf:1:    minmay_elf_arrival_circle, layout_gridlike,
          ebering_ghost_reflecting_pool, serial_shops,
          nicolae_shop_industrial_runoff, shop, shop, special_room
          [special_room_mythical_zoo], nicolae_elf_shapeshifter_party
Elf:2:    nicolae_elf_blades_crystal_corner, layout_gridlike,
          grunt_ministairs_7, abandoned_shop
Elf:3:    minmay_elf_hall_furrowed, layout_gridlike, serial_shops, shop,
          st_stairs_9
Vaults:1: vaults_standard_mumra_x, kennysheep_ogre_elephant_herders, v_misc_2,
          hangedman_vaults_stagger, v_misc_27, vaults_room_fours,
          vaults_room_grunt_arrival_ludios, vaults_room_pool,
          nicolae_vaults_little_squares_4, v_alt_pattern_3, layout_vaults_ring
Vaults:2: minmay_crypt_entry_simple_statues, nicolae_vaults_tangram_1,
          v_misc_11, nicolae_vaults_what_the_h,
          nicolae_vaults_offset_grid_hallway_1, nicolae_vaults_enemy_cabinets,
          nicolae_vaults_tangram_1, layout_vaults_chaotic_city, serial_shops,
          nicolae_diamond_shop
Vaults:3: vaults_room_semicircle, v_rooms_6, abrahamwl_protected_by_tso_2,
          nicolae_vaults_trapezoid_3, nicolae_vaults_tetromino_Z_1,
          nicolae_vaults_trapezoid_1, nicolae_vaults_shelves_hall,
          nicolae_vaults_prndl, v_misc_27, layout_vaults_omnigrid, uniq_margery
Vaults:4: hangedman_vaults_variations, nicolae_vaults_trapezoid_layered,
          hangedman_vaults_cutoff, v_pattern_1, nicolae_vaults_little_squares_5,
          ontoclasm_vaults_bender, nicolae_vaults_arrows,
          nicolae_vaults_network_barrier, lightli_orcish_oven, v_alt_pattern_1,
          nicolae_vaults_house_1, ontoclasm_vaults_pinch, layout_vaults_maze
Crypt:1:  layout_gridlike
Crypt:2:  layout_chaotic_city, uniq_xtahua
Crypt:3:  lightli_unholy_cathedral, layout_chaotic_city,
          tomb_entry_shell_bobbens, uniq_vv, uniq_zenata
Depths:1: layout_gridlike, minmay_room_of_horrors, mu_enter_wizlab_5,
          grunt_decor_one_mirror, hell_entry, kennysheep_small_spiral,
          minivault_16, tso_altar, nicolae_triple_integral
Depths:2: hangedman_screamer, layout_cave_shapes, grunt_pan_entry_sceptre,
          abyss_entry, elyvilon_altar_1, hell_entry, minmay_multi_spiral,
          infiniplex_staircase_zigzag_3, serial_bayou_shore_b
Depths:3: gammafunk_sealed_arena, layout_honeycomb, abyss_entry,
          pf_hell_entry_great_geh, nicolae_ashenzari_panopticon, uniq_norris,
          uniq_boris
Depths:4: evilmike_zot_entry_diamond, layout_gridlike, enter_ziggurat_f,
          nrook_uturn, hell_entry, hangedman_stitches_earthworm,
          uniq_enchantress
Zot:1:    chapayev_index_zotdef_columnade, layout_twisted_circle,
          gammafunk_ghost_grave
Zot:2:    layout_basic
Zot:3:    layout_cathedral_of_symmetry
Zot:4:    layout_concentric_octagons, hangedman_zot_gyre,
          amethyst_zot_foddershock
Zot:5:    layout_cathedral_of_symmetry

Skill      XL: |  1  2  3  4  5  6  7  8  9 10 11 12 13 14 15 16 17 18 19 20 21 22 23 24 25 26 |
---------------+-------------------------------------------------------------------------------+-----
Conjurations   | 1 11 14 15 16 17 | 17.1
Alchemy        | 3 4 5 6 7 8 10 12 14 15 18 19 20 | 20.7
Spellcasting   | 3 4 5 6 7 8 11 13 14 | 14.0
Fire Magic     | 1 2 4 5 |  5.0
Dodging        | 6 10 12 | 12.0
Fighting       | 4 8 10 11 | 11.0
Air Magic      | 5 8 11 13 15 17 18 | 18.0
Earth Magic    | 5 8 11 13 | 13.1
Ice Magic      | 8 11 | 11.5
Shapeshifting  | 6 11 15 16 | 16.0
Necromancy     | 9 |  9.1
Stealth        | |  2.6

Action                     |  1- 3 |  4- 6 |  7- 9 | 10-12 | 13-15 | 16-18 | 19-21 | 22-24 | 25-27 || total
---------------------------+-------+-------+-------+-------+-------+-------+-------+-------+-------++-------
  Melee: Unarmed           |     4 |       |    21 |    71 |   119 |    18 |    49 |   163 |    13 ||   458
         Bite              |     2 |       |     5 |    16 |    31 |     5 |    12 |    48 |     4 ||   123
         Punch             |       |       |       |     3 |       |       |     2 |     4 |       ||     9
         Headbutt          |       |       |       |       |       |       |    14 |    68 |     8 ||    90
         Pseudopods        |       |       |       |       |       |       |       |    70 |     7 ||    77
   Cast: Sting             |    40 |    54 |   106 |     2 |       |       |       |       |     2 ||   204
         Olgreb's Toxic Ra |       |     6 |    24 |   106 |    50 |     1 |     1 |       |       ||   188
         Sticky Flame      |       |       |    23 |    76 |    77 |    15 |    15 |    30 |     3 ||   239
         Magnavolt         |       |       |       |       |   340 |   343 |   344 |   171 |    15 ||  1213
         Blink             |       |       |       |       |     5 |     1 |     1 |     1 |       ||     8
         Maxwell's Capacit |       |       |       |       |    15 |    69 |    53 |   104 |    39 ||   280
         Permafrost Erupti |       |       |       |       |       |   144 |   170 |    30 |     2 ||   346
         Seismic Cannonade |       |       |       |       |       |    16 |    40 |     5 |     8 ||    69
         Fulsome Fusillade |       |       |       |       |       |       |    18 |   127 |    19 ||   164
         Rimeblight        |       |       |       |       |       |       |       |    32 |     3 ||    35
 Invoke: Slimify           |       |       |       |       |       |       |       |     1 |       ||     1
  Evoke: Wand              |       |       |     1 |     8 |     3 |     3 |       |       |     1 ||    16
         Phantom mirror    |       |       |       |       |     2 |     1 |     3 |       |       ||     6
         Lightning rod     |       |       |       |       |     3 |     3 |     4 |       |     4 ||    14
         Sack of spiders   |       |       |       |       |       |     1 |       |       |       ||     1
         Phial of floods   |       |       |       |       |       |       |     1 |       |     1 ||     2
    Use: Scroll            |       |       |     3 |     5 |       |     7 |     8 |     8 |     6 ||    37
         Potion            |       |       |       |     1 |       |     2 |     8 |     6 |     7 ||    24
   Stab: Sleeping          |     1 |       |       |     1 |       |       |       |       |       ||     2
         Confused          |       |       |       |     4 |     1 |       |     1 |     8 |     1 ||    15
         Paralysed         |       |       |       |       |    15 |     1 |       |       |       ||    16
         Betrayed ally     |       |       |       |       |       |       |     1 |       |       ||     1
         Distracted        |       |       |       |       |       |       |       |     1 |       ||     1
 Armour: Skin              |     9 |    12 |    55 |   105 |   152 |   200 |   366 |   727 |   210 ||  1836
  Dodge: Dodged            |    17 |    27 |    84 |   280 |   321 |   283 |   671 |  1249 |   306 ||  3238
  Block: Other             |       |       |       |       |       |       |    48 |    45 |       ||    93
   Form: Statue            |       |       |       |       |       |       |     1 |       |       ||     1

Table legend: (Time is in decaauts)
 A = Elapsed time spent in this place.
 B = Non-inter-level travel time spent in this place.
 C = Inter-level travel time spent in this place.
 D = Time resting spent in this place.
 E = Time spent auto-exploring this place.
 F = Levels seen in this place.
 G = Mean time per level.
                   A        B        C        D        E       F      G
               +--------+--------+--------+--------+--------+-----+--------+
         Total |  63569 |  56131 |   7438 |    917 |  43745 |  56 | 1135.2 |
       Dungeon |  14085 |  11436 |   2649 |     53 |   9449 |  15 |  939.0 |
        Temple |      1 |      1 |      0 |      0 |      0 |   1 |    1.0 |
          Lair |   6606 |   5581 |   1025 |     14 |   4603 |   5 | 1321.2 |
         Swamp |   3651 |   3491 |    160 |     32 |   2857 |   4 |  912.8 |
     Snake Pit |   5843 |   5442 |    401 |    112 |   4508 |   4 | 1460.8 |
    Slime Pits |    667 |    457 |    210 |      0 |    393 |   5 |  133.4 |
  Orcish Mines |   2493 |   1945 |    548 |     46 |   1294 |   2 | 1246.5 |
   Elven Halls |   3480 |   3314 |    166 |     38 |   2304 |   3 | 1160.0 |
        Vaults |   8044 |   7402 |    642 |     94 |   5913 |   4 | 2011.0 |
         Crypt |   4373 |   4134 |    239 |    184 |   2907 |   3 | 1457.7 |
        Depths |   7830 |   6772 |   1058 |    114 |   5103 |   4 | 1957.5 |
           Zot |   6169 |   5835 |    334 |    229 |   4164 |   5 | 1233.8 |
       Volcano |    320 |    320 |      0 |      0 |    247 |   1 |  320.0 |
               +--------+--------+--------+--------+--------+-----+--------+

Top non-repeatable levels by time:
   Orc:2: 2329 daAuts
Vaults:3: 2303 daAuts
Depths:2: 2080 daAuts
Depths:1: 2065 daAuts
Depths:3: 2041 daAuts
Vaults:4: 1928 daAuts
Vaults:1: 1925 daAuts
Vaults:2: 1887 daAuts
    D:15: 1823 daAuts
 Snake:3: 1797 daAuts
  Lair:5: 1764 daAuts
   Zot:1: 1746 daAuts
  Lair:3: 1717 daAuts
 Crypt:3: 1691 daAuts
   Zot:4: 1643 daAuts
